Map: Temple gelé

Players

pupu

  • Race: Protoss Protoss
  • League: Gold

Halabula - Winner!

  • Race: Zerg Zerg
  • League: Silver

VOD

Have the link to the VOD?

Description

Time

  • Played on: April 20, 2016, 11:28 a.m.
  • Length: 11:57
Show
View Real Time Build Order
Export as new Build Order

pupu Protoss 

Build Orders:  

Get SALT Encoding   

  12  0:01  Probe (Chrono Boost)  
  13  0:12  Probe (Chrono Boost)  
  14  0:17  Pylon  
  14  0:22  Probe (Chrono Boost)  
  15  0:36  Probe (Chrono Boost)  
  15  0:38  Gateway  
  16  0:46  Probe (Chrono Boost)  
  17  0:50  Assimilator  
  18  0:57  Probe (Chrono Boost)  
  18  1:01  Assimilator  
  18  1:07  Probe (Chrono Boost)  
  19  1:18  Probe (Chrono Boost)  
  20  1:28  Probe (Chrono Boost)  
  20  1:29  Cybernetics Core  
  21  1:35  Forge  
  21  1:38  Pylon  
  21  1:42  Probe (Chrono Boost)  
  23  1:54  Probe (Chrono Boost)  
  23  1:56  Zealot  
  25  2:07  Mothership Core (Chrono Boost)  
  27  2:11  Warp Gate (Chrono Boost)  
  27  2:34  Probe (Chrono Boost)  
  28  2:38  Photon Cannon  
  28  2:40  Adept (Chrono Boost)  
  30  2:45  Probe  
  30  2:48  Photon Cannon  
  31  2:58  Gateway  
  31  3:02  Probe  
  29  3:14  Probe  
  30  3:26  Probe  
  29  3:29  Adept (Chrono Boost)  
  31  3:42  Gateway  
  31  3:46  Pylon  
  31  3:51  Pylon  
  31  4:04  Probe  
  32  4:16  Probe  
  33  4:20  Adept x2  
  37  4:34  Probe  
  38  4:46  Probe, Pylon  
  38  4:48  Nexus  
  39  4:54  Protoss Ground Weapons Level 1 (Chrono Boost)  
  39  4:55  Stargate  
  39  4:57  Gateway  
  39  5:04  Probe  
  40  5:07  Pylon  
  40  5:15  Gateway  
  40  5:16  Probe  
  40  5:19  Adept x3  
  47  5:30  Photon Cannon  
  47  5:34  Probe  
  48  5:39  Oracle (Chrono Boost)  
  51  5:47  Adept  
  51  5:48  Adept  
  55  5:54  Pylon  
  55  6:00  Probe x2, Pylon  
  57  6:11  Oracle (Chrono Boost)  
  60  6:13  Probe  
  60  6:14  Probe  
  62  6:23  Assimilator  
  62  6:24  Probe  
  62  6:26  Pylon  
  62  6:30  Adept  
  65  6:34  Sentry x2  
  69  6:40  Adept  
  69  6:42  Adept  
  73  6:48  Phoenix (Chrono Boost)  
  73  6:49  Probe  
  73  6:51  Probe  
  77  7:00  Probe  
  77  7:01  Adept x2  
  79  7:03  Probe  
  79  7:04  Adept  
  77  7:43  Phoenix (Chrono Boost)  
  79  7:45  Stalker x4  
  79  7:46  Stalker  
  75  8:17  Void Ray (Chrono Boost)  
  75  8:18  Stalker x2  
  75  8:22  Probe, Zealot x3  
  75  8:24  Probe  
  83  8:28  Assimilator  
  83  8:33  Probe  
  83  8:36  Probe  
  85  8:47  Pylon  
  84  8:56  Stalker  
  84  8:57  Stalker x4  
  94  9:12  Pylon x2  
  94  9:15  Pylon  
  94  9:17  Pylon  
  94  9:18  Photon Cannon  
  94  9:25  Photon Cannon  
  94  9:26  Photon Cannon  
  94  9:28  Pylon  
  94  9:40  Stalker  
  94  9:41  Stalker x4  
  90  9:57  Probe  
  90  9:58  Probe  
  92  10:07  Gateway  
  92  10:08  Sentry x2  
  92  10:09  Sentry, Gateway  
  92  10:10  Probe, Pylon  
  92  10:12  Pylon  
  99  10:23  Void Ray (Chrono Boost)  
  99  10:25  Stalker  
  105  10:28  Sentry  
  107  10:42  Stalker  
  107  10:43  Stalker x2  
  113  10:52  Stalker  
  113  10:53  Stalker  
  53  11:31  Stalker x5  
  53  11:32  Stalker x2  
Show
View Real Time Build Order
Export as new Build Order

Halabula Zerg - Winner!

Build Orders: Pool First 

Get SALT Encoding   

  12  0:02  Drone  
  13  0:22  Spawning Pool  
  13  0:26  Extractor  
  13  0:27  Drone  
  12  0:32  Drone  
  13  0:37  Drone  
  14  0:46  Overlord  
  14  1:09  Queen, Zergling x2  
  14  1:10  Zergling x2  
  18  1:21  Zergling x2  
  19  1:30  Zergling x2  
  20  1:34  Metabolic Boost  
  20  1:37  Overlord  
  20  1:52  Zergling x2  
  21  2:07  Zergling x2  
  21  2:08  Zergling x2  
  23  2:22  Zergling x2  
  24  2:29  Zergling x2  
  25  2:30  Zergling x4  
  25  2:35  Drone  
  28  2:49  Overlord  
  28  2:55  Hatchery  
  21  3:25  Drone x5  
  25  3:33  Roach Warren  
  24  3:47  Drone x2  
  26  3:50  Queen  
  28  4:15  Overlord x2  
  28  4:17  Roach  
  28  4:18  Roach x2  
  34  4:36  Spore Crawler  
  33  4:40  Drone  
  33  4:41  Drone x5  
  39  4:52  Spore Crawler  
  38  4:59  Drone  
  39  5:00  Drone x8  
  39  5:03  Extractor  
  46  5:13  Lair  
  47  5:28  Roach  
  47  5:29  Roach x4  
  47  5:34  Roach  
  57  5:42  Drone x2  
  59  5:44  Overlord x2  
  59  6:00  Extractor  
  59  6:01  Extractor  
  57  6:10  Glial Reconstitution  
  57  6:12  Drone x6  
  63  6:22  Hydralisk Den  
  63  6:25  Roach  
  64  6:26  Roach x2  
  64  6:30  Drone  
  64  6:31  Drone x3  
  72  6:38  Evolution Chamber  
  71  6:43  Roach x2  
  75  6:54  Overlord x4  
  75  7:10  Zerg Missile Weapons Level 1  
  72  7:31  Queen  
  65  7:38  Roach  
  65  7:39  Roach x11  
  84  8:23  Hydralisk  
  84  8:24  Hydralisk x8  
  102  8:35  Drone x2  
  102  8:36  Drone  
  105  8:41  Hatchery  
  105  8:43  Muscular Augments  
  104  9:09  Hydralisk x2  
  106  9:12  Overlord x4  
  106  9:13  Overlord  
  108  9:21  Infestation Pit  
  107  9:27  Drone  
  108  9:37  Drone  
  109  9:38  Spire  
  98  9:56  Roach x6  
  98  9:57  Roach x3  
  116  10:02  Queen  
  116  10:03  Queen  
  116  10:05  Pneumatized Carapace  
  120  10:27  Ravager  
  120  10:28  Ravager x3  
  124  10:30  Ravager  
  125  10:53  Drone  
  125  10:54  Drone x14  
  116  11:24  Roach  
  116  11:25  Roach x12  
  120  11:38  Roach  
  124  11:46  Ravager  
  126  11:47  Ravager  
  130  11:54  Extractor  
  130  11:55  Extractor  
Tags
 
Add a new tag
Caveats
  • Supply blocks, unpowered buildings, or Contaminate may cause inaccurate times.
  • Supply counts are checked every 10 seconds.